 Dungeon Crawl Stone Soup version 0.27.0-1-g7a089689b8 (webtiles) character file.

Game seed: 2445648548788398250

90470 sasquatch the Bludgeoner (level 15, 0/214 HPs)
             Began as a Minotaur Berserker on Aug 3, 2021.
             Was a High Priest of Trog.
             Slain by a harpy (7 damage)
             ... on level 3 of the Shoals.
             The game lasted 00:45:05 (28754 turns).

sasquatch the Bludgeoner (Minotaur Berserker)      Turns: 28754, Time: 00:45:06

Health: 0/214      AC: 24    Str: 28    XL:     15   Next: 52%
Magic:  14/14      EV:  8    Int:  4    God:    Trog [*****.]
Gold:   955        SH: 19    Dex:  6    Spells: 14/14 levels left

rFire    . . .     SeeInvis +   a - +5 eveningstar
rCold    + + +     Faith    .   G - +0 kite shield
rNeg     . . .     Spirit   .   J - +0 plate armour {rF+}
rPois    +         Reflect  +   k - +1 hat
rElec    .         Harm     .   E - +0 cloak
rCorr    .         Rampage  .   K - +0 pair of gloves
Will     +....                  w - +1 pair of boots
Stlth    ..........             u - amulet of reflection
HPRegen  0.45/turn              s - ring of flight
MPRegen  0.14/turn              x - ring "Laemuad" {rPois rF- rC+++ Dex-4 SInv}

@: berserking, flying, very quick
A: horns 2, retaliatory headbutt
a: Renounce Religion, Berserk, Trog's Hand, Brothers in Arms


You were on level 3 of the Shoals.
You worshipped Trog.
Trog was extremely pleased with you.
You visited 4 branches of the dungeon, and saw 25 of its levels.
You also visited: Ossuary.

You collected 1777 gold pieces.
You spent 822 gold pieces at shops.

Inventory:

Hand Weapons
 a - a +5 eveningstar (weapon)
 b - a +3 antimagic morningstar
Missiles
 l - 57 boomerangs (quivered)
 C - 14 javelins
 D - 42 poisoned darts
 V - 2 throwing nets
Armour
 k - a +1 hat (worn)
 w - a +1 pair of boots (worn)
 E - a +0 cloak (worn)
 G - a +0 kite shield (worn)
 J - a +0 plate armour of fire resistance (worn)
 K - a +0 pair of gloves (worn)
Jewellery
 e - a ring of protection from fire
 s - a ring of flight (left hand)
 u - an amulet of reflection (around neck)
 x - the ring "Laemuad" (right hand) {rPois rF- rC+++ Dex-4 SInv}
   (You bought it in a shop on level 1 of the Orcish Mines)

   [ring of see invisible]

   Dex:       It affects your dexterity (-4).
   rF:        It makes you vulnerable to fire.
   rC:        It renders you almost immune to cold.
   rPois:     It protects you from poison.
   SInv:      It lets you see invisible.
 B - a +4 ring of slaying
Wands
 j - a wand of acid (7)
 n - a wand of charming (7)
 t - a wand of digging (6)
 A - a wand of polymorph (6)
 I - a wand of iceblast (16)
 L - a wand of flame (59)
 X - a wand of mindburst (27)
Scrolls
 f - 3 scrolls of summoning
 h - 2 scrolls of torment
 i - a scroll of enchant weapon
 m - 5 scrolls of teleportation
 y - a scroll of fog
 H - 4 scrolls of blinking
 N - 4 scrolls of enchant armour
 O - a scroll of fear
Potions
 c - 9 potions of curing
 d - 4 potions of invisibility
 g - 8 potions of haste
 o - a potion of flight {unknown}
 p - 3 potions of magic
 q - 4 potions of degeneration {unknown}
 r - 4 potions of cancellation
 v - 6 potions of lignification
 z - 3 potions of mutation
 F - 3 potions of attraction
 R - a potion of berserk rage {unknown}
 S - 4 potions of ambrosia
 T - a potion of might
 Y - 2 potions of heal wounds
Miscellaneous
 M - a tin of tremorstones (2/2)


   Skills:
 + Level 15.9 Fighting
 - Level 18.0 Maces & Flails
 + Level 15.9 Armour
 - Level 2.1 Dodging
 - Level 15.0 Shields


You had 14 spell levels left.
You didn't know any spells.
Your spell library was empty.

Dungeon Overview and Level Annotations

Branches:
Dungeon (14/15)            Temple (0/1) D:5            Lair (6/6) D:11
 Shoals (3/4) Lair:4       Spider (0/4) Lair:4        Slime (0/5) Lair:6
    Orc (2/2) D:9             Elf (0/3) Orc:2       Ossuary (visited)
 Vaults: D:13-14

Altars:
Ashenzari
Dithmenos
Elyvilon
Fedhas
Kikubaaqudgha
Nemelex Xobeh
Okawaru
Qazlal
Sif Muna
Trog
Uskayaw
Xom
Zin
The Shining One
Beogh

Shops:
D:1 ?   D:14 *   Orc:1 =   Orc:2 (=[[

Annotations:
Lair:6 2 runed translucent doors


Innate Abilities, Weirdness & Mutations

You have a pair of horns on your head.
You reflexively headbutt those who attack you in melee.


Message History

The water elemental is severely damaged.
* * * LOW HITPOINT WARNING * * *
Your lungs strain for air!
You block the harpy's attack. The harpy claws you but does no damage.
You block the harpy's attack.
The harpy claws you but does no damage. x2
You block the harpy's attack. The water elemental hits you.
The water elemental hits you!
* * * LOW HITPOINT WARNING * * *
You barely miss the water elemental. You headbutt the water elemental!
The water elemental is almost destroyed.
* * * LOW HITPOINT WARNING * * *
Your lungs strain for air!
The harpy barely misses you. You block the harpy's attack. The harpy claws you.
* * * LOW HITPOINT WARNING * * *
The harpy claws you.
* * * LOW HITPOINT WARNING * * *
The harpy claws you but does no damage. The harpy claws you.
* * * LOW HITPOINT WARNING * * *
You pound the water elemental like an anvil!!!
You destroy the water elemental!
Trog accepts your kill.
* * * LOW HITPOINT WARNING * * *
Your lungs strain for air!
You block the harpy's attack. x3; The harpy closely misses you.
You block the water elemental's attack.
You bludgeon the water elemental!!
The water elemental is heavily damaged.
* * * LOW HITPOINT WARNING * * *
Your lungs strain for air!
You block the harpy's attack. The harpy closely misses you.
You block the harpy's attack. The harpy barely misses you. The harpy claws you!
* * * LOW HITPOINT WARNING * * *
The harpy claws you but does no damage. x3
You are too berserk!
You thump the water elemental! You headbutt the water elemental.
You destroy the water elemental!
Trog accepts your kill.
You gasp with relief as air once again reaches your lungs.
You block the harpy's attack. x3; The harpy claws you!
You die...

#≈≈≈≈≈≈≈≈
#≈≈≈≈≈≈≈≈
#≈≈≈≈≈≈≈≈
#≈≈≈≈≈≈≈≈
#≈≈≈≈≈≈≈≈
#E≈≈≈≈≈≈≈≈
#H≈≈≈≈≈≈≈≈≈
#@≈H≈≈≈≈≈≈≈≈
#HHH≈≈≈≈≈≈≈≈
#≈≈≈≈≈≈≈≈≈≈≈
#≈≈≈≈≈≈≈≈≈≈≈
#≈≈≈≈≈≈≈≈≈≈≈
#≈≈≈≈≈≈≈≈≈≈≈
#≈≈≈≈≈≈≈≈≈≈≈
#≈≈≈≈≈≈≈≈≈≈≈
#≈≈≈≈≈≈≈≈≈≈≈


You could see a water elemental and 5 harpies.

Vanquished Creatures
  Gastronok (Lair:1)
  The ghost of archon2 the Scorcher, an adept DEFE of Vehumet (Shoals:1)
  2 merfolk javelineers (Shoals:2)
  2 merfolk impalers (Shoals:2)
  Josephine (D:10)
  The ghost of hatdisgam the Thrower, a journeyman OgHu of Dithmenos (Lair:1)
  3 boulder beetles
  Erolcha (D:13)
  7 hydras
  Harold (D:11)
  A merfolk avatar (Shoals:3)
  2 alligator snapping turtles
  2 satyrs (Shoals:2)
  A death knight (D:11)
  2 merfolk aquamancers
  3 two-headed ogres
  A centaur warrior (D:7)
  5 death yaks (Lair:4)
  Nergalle (D:11)
  9 sea snakes
  3 lindwurms (Lair:6)
  7 orc knights
  A deep elf pyromancer (D:11)
  An orc sorcerer (Orc:2)
  13 fauns
  An orb spider (Lair:4)
  5 manticores
  5 ugly things (D:14)
  2 cyclopes
  An ice statue (D:12)
  Joseph (D:10)
  4 elephants (Lair:5)
  11 black mambas
  2 merfolk sirens
  2 water nymphs
  3 molten gargoyles (Lair:6)
  A gargoyle (D:11)
  Maggie (D:7)
  12 cane toads
  A rime drake (Lair:5)
  A freezing wraith (D:13)
  15 komodo dragons
  4 trolls
  7 merfolk
  2 wind drakes (Shoals:2)
  A polar bear (Lair:6)
  5 blink frogs (Lair:2)
  13 hornets
  4 slime creatures
  4 shadows
  2 snapping turtles
  4 water elementals
  30 yaks
  5 wyverns
  6 wraiths
  2 steam dragons
  A basilisk (Lair:2)
  2 vampires
  A naga (shapeshifter) (D:7)
  3 vampire mosquitoes (D:7)
  3 wargs (Orc:2)
  14 water moccasins
  3 hell hounds (Lair:6)
  2 acid dragons
  Duvessa (D:4)
  A hornet zombie (D:7)
  34 orc warriors
  2 sky beasts (D:7)
  3 necrophages
  3 ice beasts
  2 black bears
  3 ogres
  5 centaurs
  5 wolves (Lair:1)
  A phantom (D:2)
  An elf zombie (Ossuary)
  3 kobold brigands
  A wyvern zombie (D:5)
  Blork the orc (D:4)
  4 scorpions
  15 bullfrogs
  Dowan (D:4)
  7 killer bees
  An electric eel (Lair:6)
  5 wights (D:7)
  5 lava snakes (Lair:6)
  A centaur zombie (D:9)
  4 hounds
  Crazy Yiuf (D:7)
  2 gnoll shamans
  3 jellies (Lair:6)
  7 orc priests
  4 centaur skeletons
  Natasha (thrice) (D:3)
  4 iguanas
  8 orc wizards
  A hound zombie (D:5)
  A hound skeleton (D:4)
  2 mummies (Ossuary)
  2 howler monkey zombies
  10 gnolls
  3 adders
  A shadow imp (D:7)
  14 white imps
  An adder zombie (Ossuary)
  An adder skeleton (D:4)
  5 worms
  A dart slug (D:1)
  63 orcs
  3 ball pythons
  7 endoplasms
  2 giant cockroaches (D:1)
  4 goblins
  7 hobgoblins
  8 jackals
  3 quokkas (D:2)
  6 bats
  7 frilled lizards
  2 goblin zombies (Ossuary)
  8 hobgoblin zombies (Ossuary)
  3 jackal zombies (Ossuary)
  18 kobolds
  11 kobold zombies (Ossuary)
  8 orc zombies (Ossuary)
  2 rats (D:2)
  2 rat zombies (Ossuary)
  A plant (Lair:2)
606 creatures vanquished.

Vanquished Creatures (collateral kills)
  Rupert (D:12)
  A death knight (D:13)
  2 orc knights (Orc:2)
  A phantasmal warrior (D:13)
  A cyclops (D:13)
  A freezing wraith (D:13)
  4 orc warriors (Orc:2)
  A bullfrog (D:8)
  6 orcs (Orc:2)
18 creatures vanquished.

Vanquished Creatures (others)
  A merfolk aquamancer (Shoals:2)
  6 fungi
  117 plants
124 creatures vanquished.

Grand Total: 748 creatures vanquished

Notes
Turn   | Place    | Note
-------+----------+-------------------------------------------
     0 | D:1      | sasquatch the Minotaur Berserker began the quest for the
                  | Orb.
     0 | D:1      | Reached XP level 1. HP: 19/19 MP: 0/0
    54 | D:1      | Reached skill level 4 in Maces & Flails
   394 | D:1      | Reached XP level 2. HP: 14/26 MP: 1/1
   683 | D:1      | Found a faded altar of an unknown god.
   720 | D:1      | Found Hav Gar's Magic Scroll Emporium.
  1134 | D:2      | Noticed a phantom
  1140 | D:2      | Killed a phantom
  1141 | D:2      | Reached skill level 6 in Maces & Flails
  1141 | D:2      | Reached XP level 3. HP: 31/31 MP: 2/2
  1141 | D:2      | Reached XP level 4. HP: 39/39 MP: 3/3
  1373 | D:2      | Reached ** piety under Trog
  1860 | D:3      | Reached skill level 7 in Maces & Flails
  1860 | D:3      | Reached XP level 5. HP: 45/45 MP: 4/4
  2185 | D:3      | Noticed Natasha
  2196 | D:3      | Killed Natasha
  2419 | D:3      | Noticed Natasha
  2427 | D:3      | Killed Natasha
  2428 | D:3      | Reached skill level 8 in Maces & Flails
  2428 | D:3      | Noticed Natasha
  2562 | D:3      | Killed Natasha
  2563 | D:3      | Reached XP level 6. HP: 51/51 MP: 5/5
  2583 | D:3      | Found a shimmering blue altar of Sif Muna.
  2800 | D:4      | Found an iron altar of Okawaru.
  2825 | D:4      | Found a glowing golden altar of the Shining One.
  2829 | D:4      | Noticed Dowan
  2830 | D:4      | Noticed Duvessa
  2839 | D:4      | Killed Dowan
  2840 | D:4      | Killed Duvessa
  2841 | D:4      | Reached skill level 9 in Maces & Flails
  2968 | D:4      | Reached XP level 7. HP: 44/57 MP: 6/6
  2968 | D:4      | Reached *** piety under Trog
  3124 | D:4      | Found a white marble altar of Elyvilon.
  3132 | D:4      | Reached skill level 10 in Maces & Flails
  3212 | D:4      | You fall into a shaft and drop 2 floors!
  3403 | D:5      | Entered Level 5 of the Dungeon
  3467 | D:5      | Reached skill level 11 in Maces & Flails
  3797 | D:4      | Noticed Blork the orc
  3803 | D:4      | Killed Blork the orc
  3804 | D:4      | Reached XP level 8. HP: 64/64 MP: 7/7
  4055 | D:5      | Found a staircase to the Ecumenical Temple.
  4222 | D:5      | Reached skill level 12 in Maces & Flails
  4440 | D:5      | Reached skill level 13 in Maces & Flails
  4823 | D:5      | Found an ornate altar of the Wu Jian Council.
  4825 | D:5      | Found a shimmering altar of Xom.
  4825 | D:5      | Found a bloodstained altar of Trog.
  4827 | D:5      | Found a shadowy altar of Dithmenos.
  4827 | D:5      | Found a shimmering blue altar of Sif Muna.
  4827 | D:5      | Found a stormy altar of Qazlal.
  5323 | D:6      | Reached XP level 9. HP: 70/70 MP: 8/8
  5424 | D:6      | Reached skill level 14 in Maces & Flails
  5573 | D:6      | Found a sparkling altar of Nemelex Xobeh.
  5856 | D:7      | Noticed Maggie
  5868 | D:7      | Killed Maggie
  5882 | D:7      | Reached **** piety under Trog
  5980 | D:7      | Found a bloodstained altar of Trog.
  6015 | D:7      | Found a shadowy altar of Dithmenos.
  6121 | D:7      | Reached skill level 15 in Maces & Flails
  6226 | D:7      | Found a runed translucent door.
  6227 | D:7      | Noticed Crazy Yiuf
  6565 | D:7      | Reached skill level 16 in Maces & Flails
  6879 | D:7      | Paralysed by a hornet for 1 turns
  6885 | D:7      | Reached XP level 10. HP: 57/80 MP: 9/9
  7117 | D:7      | Noticed a boulder beetle
  7119 | D:7      | Reached skill level 5 in Fighting
  7129 | D:7      | Killed a boulder beetle
  7130 | D:7      | Reached skill level 5 in Armour
  7140 | D:7      | Noticed a cyclops
  7190 | D:7      | Killed a cyclops
  7413 | D:7      | Noticed a centaur warrior
  7418 | D:7      | Killed a centaur warrior
  7856 | D:7      | Killed Crazy Yiuf
  8092 | D:8      | Found a broken altar of Ashenzari.
  8220 | D:8      | Reached ***** piety under Trog
  8275 | D:8      | Found a sand-covered staircase.
  8284 | Ossuary  | Entered an ossuary
  8622 | D:8      | Reached XP level 11. HP: 97/97 MP: 10/10
  9475 | D:9      | Received a gift from Trog
  9638 | D:9      | Found a staircase to the Orcish Mines.
  9994 | D:9      | Paralysed by a hornet for 3 turns
 10009 | D:9      | Reached skill level 10 in Fighting
 10023 | D:9      | Reached skill level 10 in Armour
 10324 | D:10     | Entered Level 10 of the Dungeon
 10325 | D:10     | Found a hide-covered altar of Uskayaw.
 10325 | D:10     | Noticed a +0 dagger
 10325 | D:10     | Noticed a +0 hand axe
 10473 | D:10     | Found a blossoming altar of Fedhas.
 10651 | D:10     | Noticed Josephine
 10662 | D:10     | Killed Josephine
 10797 | D:10     | Found an ancient bone altar of Kikubaaqudgha.
 10798 | D:10     | Noticed Joseph
 10813 | D:10     | Killed Joseph
 11258 | D:10     | Noticed a two-headed ogre
 11265 | D:10     | Killed a two-headed ogre
 11365 | D:10     | Found a glowing silver altar of Zin.
 11830 | D:11     | Noticed a boulder beetle
 11838 | D:11     | Killed a boulder beetle
 11881 | D:11     | Found a staircase to the Lair.
 11882 | D:11     | Noticed a death knight
 11906 | D:11     | Killed a death knight
 11991 | D:11     | Noticed Nergalle
 12001 | D:11     | Noticed a deep elf pyromancer
 12004 | D:11     | Killed Nergalle
 12005 | D:11     | Reached XP level 12. HP: 112/112 MP: 11/11
 12112 | D:11     | You fall into a shaft and drop 3 floors!
 12113 | D:14     | Noticed a boulder beetle
 12120 | D:14     | Killed a boulder beetle
 12196 | D:14     | Noticed a death knight
 12294 | D:13     | Noticed a two-headed ogre
 12301 | D:13     | Killed a two-headed ogre
 12439 | D:13     | Noticed a death knight
 12440 | D:13     | Noticed Erolcha
 12449 | D:13     | Killed a death knight
 12462 | D:13     | Killed Erolcha
 12622 | D:12     | Noticed a six-headed hydra
 12629 | D:12     | Killed a six-headed hydra
 12791 | D:12     | HP: 2/115 [ice statue/shard of ice (11)]
 12796 | D:12     | HP: 3/115 [ice statue/bolt of cold (29)]
 13405 | D:12     | Noticed an eight-headed hydra
 13411 | D:12     | Killed an eight-headed hydra
 13963 | D:12     | Noticed Rupert
 13980 | D:12     | Killed Rupert
 14206 | D:11     | Noticed Harold
 14216 | D:11     | Killed Harold
 14278 | D:11     | Received a gift from Trog
 15027 | D:14     | Reached XP level 13. HP: 124/124 MP: 12/12
 15064 | D:14     | Found Duar's Assorted Antiques.
 15193 | Lair:1   | Entered Level 1 of the Lair of Beasts
 15193 | Lair:1   | Found a runed translucent gate.
 15193 | Lair:1   | Found a runed translucent gate.
 15193 | Lair:1   | Found a runed translucent gate.
 15193 | Lair:1   | Noticed hatdisgam's ghost (journeyman OgHu)
 15247 | Lair:1   | Noticed Gastronok
 15259 | Lair:1   | Killed Gastronok
 15897 | Lair:1   | Killed hatdisgam's ghost
 15898 | Lair:1   | Reached skill level 17 in Maces & Flails
 17218 | Lair:3   | Reached skill level 15 in Fighting
 17218 | Lair:3   | Reached skill level 15 in Armour
 17387 | Lair:3   | Reached skill level 18 in Maces & Flails
 17387 | Lair:3   | Reached skill level 1 in Shields
 18301 | Lair:4   | Reached skill level 5 in Shields
 18303 | Lair:4   | Reached XP level 14. HP: 135/135 MP: 13/13
 18648 | Lair:4   | Found a hole to the Spider Nest.
 18930 | Lair:4   | Found a staircase to the Shoals.
 20282 | Lair:6   | Entered Level 6 of the Lair of Beasts
 20310 | Lair:6   | Found a staircase to the Slime Pits.
 20638 | Lair:6   | Reached skill level 10 in Shields
 21435 | Lair:6   | Reached ****** piety under Trog
 21633 | Lair:6   | Found a large runed translucent door.
 21633 | Lair:6   | Found a large runed translucent door.
 22345 | Orc:1    | Entered Level 1 of the Orcish Mines
 22345 | Orc:1    | Found Tuffum's Jewellery Shoppe.
 22448 | Orc:2    | Entered Level 2 of the Orcish Mines
 22448 | Orc:2    | Found a staircase to the Elven Halls.
 22456 | Orc:2    | Received a gift from Trog
 22872 | Orc:2    | Found Xirrun's Antique Armour Emporium.
 23151 | Orc:2    | Found Giumace's Armour Shop.
 23273 | Orc:2    | Found Pyephuucs's Jewellery Shop.
 23434 | Orc:2    | Found Suvei's Weapon Emporium.
 23446 | Orc:2    | Received a gift from Trog
 24067 | Orc:1    | Bought a ring of flight for 227 gold pieces
 24233 | Shoals:1 | Entered Level 1 of the Shoals
 24427 | Shoals:1 | Found a large runed translucent door.
 24427 | Shoals:1 | Found a large runed translucent door.
 24429 | Shoals:1 | Noticed archon2's ghost (adept DEFE)
 24446 | Shoals:1 | Killed archon2's ghost
 24887 | Shoals:1 | Reached XP level 15. HP: 141/141 MP: 4/14
 26062 | Shoals:2 | Reached skill level 15 in Shields
 26252 | Shoals:2 | Received a gift from Trog
 27062 | Shoals:2 | HP: 9/211 [merfolk aquamancer/ball of steam (10)]
 27067 | Shoals:2 | HP: 8/214 [poisoned by a merfolk impaler]
 27631 | Orc:1    | Bought the ring "Laemuad" {rPois rF- rC+++ Dex-4 SInv} for
                  | 595 gold pieces
 28753 | Shoals:3 | HP: 7/214 [harpy (8)]
 28754 | Shoals:3 | Slain by a harpy

Illustrated notes

Levels and vault maps discovered:
D:1:      dpeg_arrival_round_c, layout_loops_ring,
          shapermc_ecumenical_altar_ellora, serial_shops,
          nicolae_shop_statue_plus, serial_bayou_pond_d
D:2:      layout_rooms
D:3:      layout_basic, kennysheep_orc_sif_temple, hex_large,
          chequers_serial_rivers_micro_e, uniq_natasha
D:4:      layout_basic, elyvilon_altar_5, okawaru_metal_pillars_1_2,
          mainiacjoe_overflow_small_starburst, uniq_blork_the_orc, uniq_duvessa
D:5:      layout_cave_pods, doesnt_xom_only_xom,
          minmay_temple_entry_gardened_gates, roderic_three_in_a_row,
          minmay_misc_feat_hallway
D:6:      layout_rooms, mainiacjoe_overflow_six_doors_small
D:7:      nzn_winding_woodlands_large [nzn_winding_woodlands_5x5_open_star,
          nzn_winding_woodlands_5x15_lazy_stream,
          nzn_winding_woodlands_5x5_three, nzn_winding_woodlands_center_garden,
          nzn_winding_woodlands_15x15_thick_spiral,
          nzn_winding_woodlands_center_lodge, nzn_winding_woodlands_hourglass,
          nzn_winding_woodlands_5x15_garden, nzn_winding_woodlands_5x5_default],
          layout_cave_pools, mainiacjoe_overflow_concentric_impassable,
          kennysheep_little_box, uniq_crazy_yiuf_cottage, uniq_maggie
D:8:      layout_basic, mainiacjoe_overflow_chevrons,
          nicolae_ossuary_entry_monument
D:9:      layout_roguey, orc_0_dummy, nicolae_benzene_ring, hive_lemuel
D:10:     layout_grid_maze, zin_statuary, nicolae_overflow_crystal_walls,
          nicolae_kikubaaqudgha_miasma_corner, dancing_weapons_uskayaw,
          uniq_joseph, uniq_josephine
D:11:     layout_roguey, lair_entry_dummy, uniq_harold, uniq_nergalle
D:12:     layout_cave_pods, portal_ice_cave_entry_imps, minivault_16,
          uniq_rupert
D:13:     layout_basic, uniq_erolcha, uniq_frances
D:14:     layout_long_grid, david_vaults_1, serial_shops,
          nicolae_take_the_stairs, serial_park_tiny_pond, kennysheep_boxes
Lair:1:   layout_cave_shapes, gammafunk_ghost_hydra_chop, uniq_gastronok
Lair:2:   layout_chaotic_city, chequers_serial_rivers_micro_d,
          grunt_megastairs_4
Lair:3:   layout_chaotic_city, lemuel_fruit_fields
Lair:4:   layout_regular_city, minmay_shoals_entry_lonely_mermaid,
          nicolae_spider_entry_orb_guardian, lemuel_fruit_tree,
          grunt_megastairs_2
Lair:5:   layout_big_grid, grunt_megastairs_3
Lair:6:   cheibrodos_lair_end_hotspot, layout_regular_city,
          minmay_slime_entry_pillars, nicolae_quartered_pool_super
Shoals:1: layout_shoals, ebering_ghost_disaster_area
Shoals:2: layout_shoals, st_sunken_huts
Shoals:3: cheibrodos_shoals_baths, layout_shoals, nicolae_shoals_square_sea_wall
Orc:1:    layout_diamond_mine, serial_shops, shop
Orc:2:    st_orc_town, layout_caves

Skill      XL: |  1  2  3  4  5  6  7  8  9 10 11 12 13 14 15 |
---------------+----------------------------------------------+-----
Maces & Flails | 4 6 7 8 9 11 13 16 18 | 18.0
Fighting       | 4 9 12 14 15 | 15.9
Armour         | 3 8 11 14 15 | 15.9
Shields        | 5 14 15 | 15.0
Dodging        | |  2.1

Action                   |  1- 3 |  4- 6 |  7- 9 | 10-12 | 13-15 || total
-------------------------+-------+-------+-------+-------+-------++-------
Melee: Mace              |    30 |   116 |    56 |       |       ||   202
       Headbutt          |     8 |    19 |    38 |    94 |   192 ||   351
       Morningstar       |       |       |   200 |   174 |   306 ||   680
       Dire flail        |       |       |       |   275 |   447 ||   722
       Eveningstar       |       |       |       |       |   101 ||   101
Throw: Boomerang         |       |       |       |       |     2 ||     2
Invok: Berserk           |     1 |     5 |    14 |    17 |    15 ||    52
       Trog's Hand       |       |       |       |     3 |     6 ||     9
       Brothers in Arms  |       |       |       |     2 |     3 ||     5
Evoke: Wand              |       |       |       |     1 |       ||     1
  Use: Potion            |       |       |     1 |     5 |     4 ||    10
       Scroll            |       |       |       |     9 |    17 ||    26
 Stab: Sleeping          |     1 |       |       |       |       ||     1
Armor: Animal skin       |     6 |    15 |       |       |       ||    21
       Ring mail         |       |    17 |    12 |       |       ||    29
       Scale mail        |       |       |    79 |   148 |   124 ||   351
       Plate armour      |       |       |       |       |   108 ||   108
Dodge: Dodged            |    18 |    84 |    83 |   127 |   217 ||   529
Block: Other             |       |       |    30 |    54 |    47 ||   131
       Reflection        |       |       |     2 |     4 |    56 ||    62
       Kite shield       |       |       |       |       |   356 ||   356
